 Dungeon Sprint DCSS version 0.28-a0-224-g76b539d98b (webtiles) character file.

Game seed: 9811943847856169773

156 Conn the Firebug (level 5, -6/48 HPs)
             Began as an Octopode Fire Elementalist on Aug 21, 2021.
             Was a Priest of Sif Muna.
             Mangled by Pikel (17 damage)
             ... in the Dungeon (Sprint VII: "The Pits").
             The game lasted 00:04:56 (582 turns).

Conn the Firebug (Octopode Fire Elementalist)        Turns: 582, Time: 00:04:57

Health: -6/48      AC:  1    Str:  8    XL:     5   Next: 37%
Magic:  9/12       EV: 14    Int: 18    God:    Sif Muna [***...]
Gold:   0          SH:  0    Dex: 12    Spells: 6/13 levels left

rFire   . . .      SeeInvis .   j - +1 dagger (venom)
rCold   . . .      Faith    .   (no shield)
rNeg    . . .      Spirit   .   (helmet restricted)
rPois   .          Reflect  .   (no amulet)
rElec   .          Harm     .   (no ring)
rCorr   .          Rampage  .   (no ring)
Will    .....      NoTele   +   (no ring)
Stlth   ..........              (no ring)
HPRegen 0.16/turn               (no ring)
MPRegen 0.13/turn               (no ring)
                                (no ring)
                                (no ring)

@: berserking, very quick
A: almost no armour, amphibious, 8 rings, camouflage 1, gelatinous body 1,
(nimble swimmer 1), tentacles
a: Renounce Religion, Channel Magic, Forget Spell


You were in the Dungeon.
You worshipped Sif Muna.
Sif Muna was most pleased with you.
You visited 1 branch

Inventory:

Hand Weapons
 g - a +2 dagger
 j - a +1 dagger of venom (weapon)
Scrolls
 i - 5 scrolls of amnesia
Potions
 a - 6 potions of curing
 b - 6 potions of heal wounds
 c - a potion of haste
 d - 2 potions of magic
 e - a potion of berserk rage
 h - a potion of invisibility


   Skills:
 + Level 0.8 Fighting
 + Level 3.9 Dodging
 + Level 4.6 Stealth
 + Level 4.7 Spellcasting
 + Level 2.4 Conjurations
 + Level 0.2 Hexes
 + Level 7.6 Fire Magic
 * Level 3.1 Invocations


You had 6 spell levels left.
You knew the following spells:

 Your Spells              Type           Power      Damage    Failure   Level
a - Foxfire               Conj/Fire      88%        2x1d8     1%          1
b - Conjure Flame         Conj/Fire      22%        6-21      5%          3
c - Inner Flame           Hex/Fire       18%        N/A       9%          3

Your spell library contained the following spells:

 Spells                   Type           Power      Damage    Failure   Level
 Sticky Flame             Conj/Fire      22%        2d4       17%         4
 Fireball                 Conj/Fire      11%        3d7       43%         5


Dungeon Overview and Level Annotations

Branches:
Dungeon (1/1)

Altars:
Ashenzari
Cheibriados
Dithmenos
Elyvilon
Fedhas
Gozag
Hepliaklqana
Kikubaaqudgha
Makhleb
Nemelex Xobeh
Okawaru
Qazlal
Ru
Sif Muna
Trog
Uskayaw
Vehumet
Wu Jian
Xom
Yredelemnul
Zin
The Shining One
Beogh
Jiyva
Lugonu

Annotations:
D Pikel


Innate Abilities, Weirdness & Mutations

You cannot wear most types of armour.
You are amphibious.
You can wear up to eight rings at the same time.
Your skin changes colour to match your surroundings (Stealth+).
Your rubbery body absorbs attacks. (AC +1, EV +1)
((You are camouflaged near water. (Stealth+)))
You have tentacles for arms and can constrict up to eight enemies at once.


Message History

Confirm with . or Enter, or press ? or * to list all spells.
You conjure some foxfire!
Unknown command.
Casting: Foxfire (safe; 1% risk of failure)
Confirm with . or Enter, or press ? or * to list all spells.
You conjure some foxfire!
The foxfire hits the quasit.
The quasit resists.
The quasit is moderately wounded.
The foxfire hits the quasit.
The quasit resists.
The quasit is moderately wounded.
Unknown command.
Casting: Foxfire (safe; 1% risk of failure)
Confirm with . or Enter, or press ? or * to list all spells.
You conjure some foxfire!
The foxfire hits the quasit.
The quasit resists.
The quasit is heavily wounded.
The foxfire hits the quasit but does no damage.
The quasit is heavily wounded.
Unknown command.
Casting: Foxfire (safe; 1% risk of failure)
Confirm with . or Enter, or press ? or * to list all spells.
You conjure some foxfire!
The foxfire hits the quasit but does no damage.
The quasit is heavily wounded.
The foxfire hits the quasit but does no damage.
The quasit is heavily wounded.
The foxfire hits the quasit but does no damage.
The quasit is heavily wounded.
The foxfire hits the quasit but does no damage.
The quasit is heavily wounded.
A red film seems to cover your vision as you go berserk!
You feel yourself moving faster!
You feel mighty! The quasit bites you. The quasit barely misses you.
The quasit closely misses you.
You barely miss the quasit. You grab the quasit.
The quasit is heavily wounded.
You constrict the quasit.
The quasit bites you but does no damage.
The quasit closely misses you. x2
Pikel hits you with a +0 whip of electrocution.
* * * LOW HITPOINT WARNING * * *
You are electrocuted!
You die...

##########++######
#................#
#......#..#55....#
#.........☼......+
'55.......§§§....+
#......#..#§○..K.#
#..............5@#
####'#####++######
#.......#
#.......#
#.......#
#...<...#
#.......#
#.......#
#.......#


You could see Pikel, 2 lemures and a quasit.

Vanquished Creatures
  An ice beast (D)
  Blork the orc (D)
  A gnoll (D)
  3 orcs (D)
  A bat (D)
  An endoplasm (D)
  A hobgoblin (D)
  2 jackals (D)
  A quokka (D)
  A frilled lizard (D)
  A kobold (D)
14 creatures vanquished.

Vanquished Creatures (others)
  36 foxfires (D)
36 creatures vanquished.

Grand Total: 50 creatures vanquished

Notes
Turn   | Place    | Note
-------+----------+-------------------------------------------
     0 | D        | Conn the Octopode Fire Elementalist began the quest for the
                  | Orb.
     0 | D        | Reached XP level 1. HP: 11/11 MP: 3/3
    46 | D        | Found a bloodstained altar of Trog.
    46 | D        | Found a shimmering blue altar of Sif Muna.
    46 | D        | Found a viscous altar of Jiyva.
    46 | D        | Found a hazy altar of Hepliaklqana.
    46 | D        | Found an opulent altar of Gozag.
    47 | D        | Found a glowing golden altar of the Shining One.
    47 | D        | Found a glowing silver altar of Zin.
    47 | D        | Found a basalt altar of Yredelemnul.
    47 | D        | Found a shimmering altar of Xom.
    47 | D        | Found an ornate altar of the Wu Jian Council.
    47 | D        | Found a sacrificial altar of Ru.
    47 | D        | Found a stormy altar of Qazlal.
    47 | D        | Found an iron altar of Okawaru.
    47 | D        | Found a sparkling altar of Nemelex Xobeh.
    47 | D        | Found a burning altar of Makhleb.
    47 | D        | Found a blossoming altar of Fedhas.
    47 | D        | Found a white marble altar of Elyvilon.
    47 | D        | Found a shadowy altar of Dithmenos.
    47 | D        | Found a snail-covered altar of Cheibriados.
    49 | D        | Found a corrupted altar of Lugonu.
    49 | D        | Found a radiant altar of Vehumet.
    50 | D        | Found an ancient bone altar of Kikubaaqudgha.
    50 | D        | Found a hide-covered altar of Uskayaw.
    50 | D        | Found a broken altar of Ashenzari.
    51 | D        | Became a worshipper of Sif Muna the Loreminder
   105 | D        | Reached * piety under Sif Muna
   106 | D        | Reached skill level 4 in Fire Magic
   106 | D        | Reached XP level 2. HP: 7/17 MP: 2/5
   344 | D        | Reached ** piety under Sif Muna
   344 | D        | Noticed Blork the orc
   375 | D        | Killed Blork the orc
   376 | D        | Reached skill level 6 in Fire Magic
   376 | D        | Reached XP level 3. HP: 21/21 MP: 0/8
   376 | D        | Reached XP level 4. HP: 27/27 MP: 0/9
   468 | D        | Learned a level 3 spell: Conjure Flame
   472 | D        | Learned a level 3 spell: Inner Flame
   526 | D        | Noticed an ice beast
   526 | D        | Noticed a lemure
   538 | D        | Reached *** piety under Sif Muna
   538 | D        | Noticed Pikel
   540 | D        | Noticed a black bear
   570 | D        | Noticed a lemure
   574 | D        | Killed an ice beast
   575 | D        | Reached skill level 7 in Fire Magic
   575 | D        | Reached XP level 5. HP: 10/32 MP: 2/12
   582 | D        | Mangled by Pikel

Illustrated notes

Levels and vault maps discovered:
D:        pitsprint [storerooms_1, entrance_room_1, metal_vault_2, armoury_2,
          mini_pit_1, grid_room_1, main_hall_1, silver_pit, the_coven_1,
          the_vestibule_1, steel_vault_1, golden_pit, hallway_of_sentries,
          crystal_vault_6, iron_vault_3, final_vault]

Skill      XL: |  1  2  3  4 |
---------------+-------------+-----
Stealth        | 3 4 |  4.6
Fire Magic     | 4 6 7 |  7.6
Dodging        | 3 |  3.9
Spellcasting   | 3 4 |  4.7
Conjurations   | 2 |  2.4
Invocations    | 3 |  3.1
Fighting       | |  0.8
Hexes          | |  0.2

Action                   |  1- 3 |  4- 6 || total
-------------------------+-------+-------++-------
Melee: Dagger            |     7 |     2 ||     9
       Constrict         |     2 |     1 ||     3
       Tentacles         |     1 |       ||     1
 Cast: Foxfire           |    12 |    12 ||    24
       Inner Flame       |       |     2 ||     2
       Conjure Flame     |       |     1 ||     1
  Use: Potion            |     2 |     3 ||     5
       Scroll            |     1 |     1 ||     2
Armor: Skin              |       |     3 ||     3
Dodge: Dodged            |     4 |     8 ||    12

Table legend: (Time is in decaauts)
 A = Elapsed time spent in this place.
 B = Non-inter-level travel time spent in this place.
 C = Inter-level travel time spent in this place.
 D = Time resting spent in this place.
 E = Time spent auto-exploring this place.
 F = Levels seen in this place.
 G = Mean time per level.
                   A        B        C        D        E       F      G
               +--------+--------+--------+--------+--------+-----+--------+
         Total |    593 |    593 |      0 |    340 |      0 |   1 |  593.0 |
       Dungeon |    593 |    593 |      0 |    340 |      0 |   1 |  593.0 |
               +--------+--------+--------+--------+--------+-----+--------+

Top non-repeatable levels by time:
       D: 593 daAuts
